 Dungeon Crawl Stone Soup version 0.30.0-20-g3615ddf2f0 (webtiles) character file.

Game seed: 13399062013736425893

485 qw the Chopper (level 7, -5/43 HPs)
             Began as a Gargoyle Fighter on May 27, 2023.
             Slain by a gnoll
             ... wielding a +0 halberd
             ... led by a gnoll bouda
              (6 damage)
             ... on level 5 of the Dungeon.
             The game lasted 00:01:46 (3864 turns).

qw the Chopper (Gargoyle Fighter)                   Turns: 3864, Time: 00:01:46

Health: -5/43      AC: 17    Str: 21    XL:     7   Next: 13%
Magic:  7/7        EV:  5    Int:  9    God:
Gold:   107        SH:  4    Dex:  9    Spells: 6/6 levels left

rFire   + . .        Y - +2 war axe
rCold   . . .        c - +0 buckler
rNeg    + . .        j - +0 plate armour
rPois   inf          (no helmet)
rElec   +            h - +0 cloak
rCorr   .            (no gloves)
SInv    .            (no boots)
Will    .....        (no amulet) Stlth
                     b - ring of protection from fire
HPRegen 0.27/turn    (no ring)
MPRegen 0.10/turn

%: no passive effects
@: about to teleport, weakened
A: sickness immunity, AC +4, negative energy resistance 1, electricity
resistance, torment resistance 1, petrification resistance
a: no special abilities


You were on level 5 of the Dungeon.
You visited 1 branch of the dungeon, and saw 5 of its levels.

You collected 228 gold pieces.
You spent 121 gold pieces at shops.


Innate Abilities, Weirdness & Mutations

You are immune to sickness and miasma.
Your stone body is resilient. (AC +4)
You are immune to poison.
You resist negative energy. (rN+)
You are resistant to electric shocks. (rElec)
You are resistant to unholy torment.
You are immune to petrification.


   Skills:
 - Level 4.1 Fighting
 - Level 6.1 Axes
 - Level 1.0 Throwing
 + Level 3.9 Armour
 - Level 3.2 Shields


You had 6 spell levels left.
You didn't know any spells.
Your spell library was empty.

Inventory:

Hand Weapons
 g - a +0 flail
 Y - a +2 war axe (weapon)
Missiles
 k - a javelin (quivered)
 o - 5 boomerangs
Armour
 c - a +0 buckler (worn)
 h - a +0 cloak (worn)
 j - a +0 plate armour (worn)
Jewellery
 b - a ring of protection from fire (left hand)
Scrolls
 m - 2 scrolls of identify
 n - 2 scrolls of teleportation
Potions
 a - a potion of lignification {unknown}
 d - a potion of might
 e - a potion of attraction {unknown}
 f - a potion of curing
 i - a potion of brilliance {unknown}
 l - 2 potions of haste

Dungeon Overview and Level Annotations

Branches:
Dungeon (5/15)
 Temple: D:4-7

Altars:
Dithmenos
Trog
Vehumet

Shops:
D:2 (   D:3 ?

Annotations:
D:2 1 runed translucent door, Crazy Yiuf


Message History

Pain shoots through your body! The gnoll hits you but does no damage.
You closely miss the shadow imp.
The shadow imp is almost dead.
You barely miss the gnoll bouda. The shadow imp barely misses you.
You block the gnoll bouda's attack.
The gnoll hits you from afar with a +0 halberd!
The gnoll bouda hits you but does no damage.
The shadow imp hits you but does no damage.
You hit the shadow imp.
You kill the shadow imp!
You hit the gnoll bouda.
The gnoll hits you but does no damage. x2
The gnoll bouda hits you but does no damage.
You barely miss the gnoll bouda.
The gnoll bouda is severely wounded.
You closely miss the gnoll.
The gnoll hits you but does no damage. x2
The gnoll bouda hits you but does no damage.
The gnoll hits you from afar with a +0 halberd.
You barely miss the gnoll bouda.
The gnoll bouda is severely wounded.
You slash the gnoll! The gnoll hits you but does no damage.
The gnoll bouda hits you but does no damage.
The gnoll barely misses you.
You barely miss the gnoll.
The gnoll is almost dead.
You hit the gnoll bouda. The gnoll hits you but does no damage.
The gnoll bouda hits you but does no damage.
The gnoll hits you from afar with a +0 halberd!
The gnoll barely misses you.
The gnoll bouda gazes fiercely through you!
You feel your attacks grow feeble.
The gnoll bouda hits you with a +0 club.
3864 ||| READING 3 scrolls of teleportation.
As you read the scroll of teleportation, it crumbles to dust.
You feel strangely unstable.
The gnoll hits you from afar with a +0 halberd.
You die...

#..............## ##..##.
#.......#.......####......
#.......#....#............
....##.......#............
...................#......
##................##.#
.##..........#....####.#
......).....##....###...
......g@>...###.......#.
.....gg#.#...#.......###
....<..##............##.
##..... #...#.#......##.
#..... #...###.........
#.##.. #............#.#
... ##. ...............#
.. .. ..........)))..#
...........#..


You could see a gnoll bouda and 2 gnolls.

Vanquished Creatures
  A phantom (D:5)
  A hound (D:4)
  A jelly (D:5)
  Jessica (D:2)
  Terence (D:3)
  An iguana (D:4)
  An orc wizard (D:4)
  Natasha (thrice) (D:2)
  5 gnolls (D:5)
  2 adders
  A shadow imp (D:5)
  2 ufetubi
  5 worms
  3 dart slugs
  10 orcs
  8 bats
  3 endoplasms
  3 giant cockroaches
  6 goblins
  5 hobgoblins
  5 kobolds
  2 quokkas
  6 ball pythons
  A frilled lizard (D:3)
  3 rats
80 creatures vanquished.

Notes
Turn   | Place    | Note
-------+----------+-------------------------------------------
     0 | D:1      | qw the Gargoyle Fighter began the quest for the Orb.
     0 | D:1      | Reached XP level 1. HP: 14/14 MP: 1/1
     0 | D:1      | 0 ||| qw: Version: 0.2-a-99-gce666ed
     0 | D:1      | 0 ||| qw: Game counter: 114
     0 | D:1      | 0 ||| qw: Always use a shield: true
     0 | D:1      | 0 ||| qw: God list: Okawaru
     0 | D:1      | 0 ||| qw: Allow faded altars: false
     0 | D:1      | 0 ||| qw: Do Orc after D:15 true
     0 | D:1      | 0 ||| qw: Do second Lair branch before Depths: true
     0 | D:1      | 0 ||| qw: Lair rune preference: random
     0 | D:1      | 0 ||| qw: Plans: Normal, Zot:1-4, God:TSO, Crypt, Tomb,
                  | Pan, Slime:5, Hells, Abyss, Win
     0 | D:1      | 0 ||| PLANNING D:1-11
    68 | D:1      | Reached skill level 2 in Axes
   141 | D:1      | 141 ||| Stepping ~*~*~tactically~*~*~ (hiding).
   152 | D:1      | 152 ||| DROPPING +0 club.
   176 | D:1      | Reached XP level 2. HP: 19/19 MP: 2/2
   258 | D:1      | 258 ||| Stepping ~*~*~tactically~*~*~ (stealth).
   267 | D:1      | 267 ||| Stepping ~*~*~tactically~*~*~ (stealth).
   289 | D:1      | 289 ||| Stepping ~*~*~tactically~*~*~ (stealth).
   291 | D:1      | 291 ||| Stepping ~*~*~tactically~*~*~ (hiding).
   490 | D:1      | 490 ||| Stepping ~*~*~tactically~*~*~ (stealth).
   573 | D:1      | 573 ||| Stepping ~*~*~tactically~*~*~ (stealth).
   574 | D:1      | 574 ||| Stepping ~*~*~tactically~*~*~ (stealth).
   603 | D:1      | Reached skill level 3 in Axes
   857 | D:1      | 857 ||| UPGRADING to +0 cloak.
   862 | D:1      | 862 ||| READING scroll labelled TINOMU QAGIDEMP.
   863 | D:1      | 863 ||| READING scroll labelled UNIRRELLO RURE.
   864 | D:1      | 864 ||| READING scroll labelled XEROEH AZUHUE.
   865 | D:1      | 865 ||| DRINKING 2 grey potions.
   866 | D:1      | 866 ||| DROPPING potion of magic.
   920 | D:2      | Reached XP level 3. HP: 23/23 MP: 3/3
  1053 | D:2      | Noticed Jessica
  1072 | D:2      | Killed Jessica
  1196 | D:2      | Noticed Natasha
  1197 | D:2      | 1197 ||| Stepping ~*~*~tactically~*~*~ (stealth).
  1199 | D:2      | 1199 ||| Stepping ~*~*~tactically~*~*~ (hiding).
  1207 | D:2      | Killed Natasha
  1208 | D:2      | Reached skill level 4 in Axes
  1208 | D:2      | Reached XP level 4. HP: 26/28 MP: 4/4
  1240 | D:2      | Found Nowkosa's Antique Weapon Shop.
  1255 | D:2      | Noticed Natasha
  1260 | D:2      | Killed Natasha
  1296 | D:2      | Noticed Natasha
  1300 | D:2      | Killed Natasha
  1301 | D:2      | Reached XP level 5. HP: 31/32 MP: 5/5
  1485 | D:2      | Found a runed translucent door.
  1486 | D:2      | Noticed Crazy Yiuf
  1599 | D:2      | 1599 ||| UPGRADING to +0 plate armour.
  1609 | D:2      | 1609 ||| DROPPING +0 scale mail.
  1610 | D:2      | 1610 ||| DROPPING +6 ring of intelligence.
  1611 | D:2      | 1611 ||| READING scroll labelled REDOTA KICIJY.
  1612 | D:2      | 1612 ||| READING scroll labelled DAUMIC QEWEUQEO.
  1672 | D:2      | 1672 ||| DRINKING 2 fuming dark potions.
  1673 | D:2      | 1673 ||| DRINKING 3 puce potions.
  1757 | D:3      | 1757 ||| Stepping ~*~*~tactically~*~*~ (stealth).
  1758 | D:3      | 1758 ||| Stepping ~*~*~tactically~*~*~ (stealth).
  1761 | D:3      | 1761 ||| Stepping ~*~*~tactically~*~*~ (stealth).
  1762 | D:3      | 1762 ||| Stepping ~*~*~tactically~*~*~ (stealth).
  1781 | D:3      | Noticed Terence
  1787 | D:3      | Killed Terence
  1788 | D:3      | Reached skill level 5 in Axes
  1859 | D:3      | Found Tidohotz's Magic Scroll Boutique.
  1875 | D:3      | 1875 ||| BUYING scroll of identify (22 gold).
  1875 | D:3      | Bought a scroll of identify for 22 gold pieces
  1875 | D:3      | 1875 ||| BUYING scroll of teleportation (33 gold).
  1875 | D:3      | Bought a scroll of teleportation for 33 gold pieces
  1875 | D:3      | 1875 ||| BUYING scroll of teleportation (33 gold).
  1875 | D:3      | Bought a scroll of teleportation for 33 gold pieces
  1875 | D:3      | 1875 ||| BUYING scroll of teleportation (33 gold).
  1875 | D:3      | Bought a scroll of teleportation for 33 gold pieces
  1875 | D:3      | 1875 ||| SHOPLISTING scroll of teleportation (33 gold, have
                  | 5).
  1884 | D:3      | 1884 ||| Stepping ~*~*~tactically~*~*~ (hiding).
  1885 | D:3      | 1885 ||| Stepping ~*~*~tactically~*~*~ (hiding).
  1887 | D:3      | 1887 ||| Stepping ~*~*~tactically~*~*~ (hiding).
  2295 | D:3      | 2295 ||| Stepping ~*~*~tactically~*~*~ (stealth).
  2520 | D:3      | 2520 ||| READING scroll labelled MAULILAALL.
  2521 | D:3      | 2521 ||| READING scroll labelled PUERPH PEVACSU.
  2545 | D:4      | Reached skill level 1 in Throwing
  2594 | D:4      | 2594 ||| Stepping ~*~*~tactically~*~*~ (stealth).
  2595 | D:4      | 2595 ||| Stepping ~*~*~tactically~*~*~ (stealth).
  2609 | D:4      | 2609 ||| Stepping ~*~*~tactically~*~*~ (stealth).
  2614 | D:4      | 2614 ||| Stepping ~*~*~tactically~*~*~ (stealth).
  2615 | D:4      | 2615 ||| Stepping ~*~*~tactically~*~*~ (hiding).
  2617 | D:4      | 2617 ||| Stepping ~*~*~tactically~*~*~ (hiding).
  2633 | D:4      | Reached XP level 6. HP: 25/38 MP: 6/6
  2686 | D:4      | 2686 ||| READING scroll of enchant weapon.
  2686 | D:4      | 2686 ||| ENCHANTING +1 war axe.
  2805 | D:4      | Found a shadowy altar of Dithmenos.
  2808 | D:4      | 2808 ||| Stepping ~*~*~tactically~*~*~ (stealth).
  3146 | D:4      | Found a bloodstained altar of Trog.
  3155 | D:4      | Found a radiant altar of Vehumet.
  3419 | D:4      | 3419 ||| UPGRADING to ring of protection from fire.
  3420 | D:4      | 3420 ||| READING scroll labelled GYIHEH ETAC.
  3421 | D:4      | 3421 ||| READING scroll labelled BIDOYS CIAR.
  3522 | D:4      | 3522 ||| READING 2 scrolls of identify.
  3522 | D:4      | 3522 ||| IDENTIFYING sedimented amethyst potion
  3548 | D:5      | Entered Level 5 of the Dungeon
  3549 | D:5      | 3549 ||| PLANNING SEWER
  3555 | D:5      | 3555 ||| STAIRDANCE
  3614 | D:5      | 3614 ||| Stepping ~*~*~tactically~*~*~ (stealth).
  3648 | D:5      | Noticed a water moccasin
  3666 | D:5      | HP: 8/38 [water moccasin (5)]
  3667 | D:5      | 3667 ||| READING 4 scrolls of teleportation.
  3668 | D:5      | 3668 ||| DRINKING potion of heal wounds.
  3757 | D:5      | Reached skill level 6 in Axes
  3759 | D:5      | 3759 ||| Stepping ~*~*~tactically~*~*~ (hiding).
  3762 | D:5      | 3762 ||| Stepping ~*~*~tactically~*~*~ (hiding).
  3763 | D:5      | 3763 ||| Stepping ~*~*~tactically~*~*~ (hiding).
  3764 | D:5      | 3764 ||| Stepping ~*~*~tactically~*~*~ (hiding).
  3767 | D:5      | Reached XP level 7. HP: 43/43 MP: 7/7
  3863 | D:5      | HP: 3/43 [gnoll/+0 halberd[a gnoll bouda] (9)]
  3863 | D:5      | HP: 1/43 [gnoll bouda/+0 club (2)]
  3864 | D:5      | 3864 ||| READING 3 scrolls of teleportation.
  3864 | D:5      | Slain by a gnoll

Levels and vault maps discovered:
D:1:      grunt_arrival_crossed_arrows, layout_loops_cross, serial_rivers,
          chequers_serial_rivers_micro_a, chequers_serial_rivers_micro_a,
          chequers_serial_rivers_marsh, chequers_serial_rivers_small_b
D:2:      layout_loops_ring, serial_shops, nicolae_shop_stone, uniq_jessica,
          uniq_natasha, uniq_crazy_yiuf_cottage
D:3:      layout_basic, serial_shops, shop, minmay_misc_feat_columns,
          kennysheep_generic_room_3, uniq_terence
D:4:      layout_basic, grunt_dithmenos_smoke_and_mirrors,
          mainiacjoe_overflow_swirl, grunt_ministairs_7, serial_park_tiny_2
D:5:      black_bear_nest_2, layout_cave_pools, portal_sewer_entry_b

Skill      XL: |  1  2  3  4  5  6 |
---------------+-------------------+-----
Axes           | 2 3 4 5 6 |  6.1
Throwing       | 1 |  1.0
Fighting       | 4 |  4.1
Armour         | |  3.9
Shields        | |  3.2

Action                     |  1- 3 |  4- 6 |  7- 9 || total
---------------------------+-------+-------+-------++-------
  Melee: War axe           |    80 |   153 |    21 ||   254
  Throw: Javelin           |       |    32 |       ||    32
         Boomerang         |       |     6 |     3 ||     9
    Use: Scroll            |     3 |     9 |     1 ||    13
         Potion            |     1 |     3 |       ||     4
 Armour: Scale mail        |    50 |     5 |       ||    55
         Plate armour      |       |   153 |    30 ||   183
  Dodge: Dodged            |    35 |    41 |     8 ||    84
  Block: Buckler           |    11 |    24 |     4 ||    39

Table legend:
 A = Non-vault XP
 B = Vault XP
 C = Vault XP percentage of total XP
 D = Non-vault monster count
 E = Vault monster count
 F = Vault count percentage of total count
                 A         B        C        D         E       F
            +---------+---------+-------+---------+---------+-------
      Total |     567 |     126 |  18.2 |      74 |       6 |   7.5
            +---------+---------+-------+---------+---------+-------
        D:1 |      33 |       0 |   0.0 |      18 |       0 |   0.0
        D:2 |      82 |      72 |  46.8 |       7 |       2 |  22.2
        D:3 |      42 |      49 |  53.8 |      20 |       2 |   9.1
        D:4 |     163 |       5 |   3.0 |      19 |       2 |   9.5
        D:5 |     247 |       0 |   0.0 |      10 |       0 |   0.0
            +---------+---------+-------+---------+---------+-------
